 Dungeon Crawl Stone Soup version 0.19-a0-172-g3b1235c (webtiles) character file.

186 Duffy the Insei (level 5, -1/41 HPs)
             Began as a Demonspawn Monk on May 22, 2016.
             Splashed by a jelly's acid (9 damage)
             ... on level 5 of the Dungeon.
             The game lasted 00:01:32 (2325 turns).

Duffy the Insei (Demonspawn Monk)                   Turns: 2325, Time: 00:01:33

Health: -1/41      AC:  0    Str: 12    XL:     5   Next: 38%
Magic:  5/5        EV:  6    Int: 12    God:
Gold:   98         SH:  0    Dex: 15    Spells: 0 memorised, 4 levels left

rFire  . . .     SeeInvis .       - Unarmed
rCold  . . .     Gourm    .     c - +0 chain mail (curse)
rNeg   . . .     Faith    .     (no shield)
rPois  .         Spirit   .     (no helmet)
rElec  .         Dismiss  .     (no cloak)
rCorr  .         Reflect  .     (no gloves)
SustAt .         Harm     .     (no boots)
MR     .....                    (no amulet)
Stlth  ..........               (no ring)
                                (no ring)

@: corroded, not resistant to hostile enchantments, extremely unstealthy
A: powered by pain 2
a: no special abilities


You were on level 5 of the Dungeon.
You were hungry.

You visited 1 branch of the dungeon, and saw 5 of its levels.

You collected 98 gold pieces.


Innate Abilities, Weirdness & Mutations

You sometimes gain power by taking damage.


   Skills:
 - Level 3.0 Fighting
 - Level 2.6 Dodging
 - Level 1.7 Stealth
 + Level 6.1 Unarmed Combat


You had 4 spell levels left.
You didn't know any spells.

Inventory:

Armour
 a - a +0 robe
 c - a cursed +0 chain mail (worn)
Scrolls
 d - 3 scrolls of identify {unknown}
 e - 3 scrolls of magic mapping {unknown}
 i - a scroll of teleportation {unknown}
 k - a scroll of amnesia {unknown}
 l - a scroll of remove curse {unknown}
Potions
 g - a potion of flight {unknown}
 h - a potion of cancellation {unknown}
 m - a potion of brilliance {unknown}
 n - a potion of curing {unknown}
Comestibles
 b - 2 bread rations
 f - a royal jelly
 j - a beef jerky

Dungeon Overview and Level Annotations

Branches:
Dungeon (5/15)
 Temple: D:4-7

Altars:
Ru


Message History

e - 3 scrolls labeled MOICSI XIBESICW (gained 1)
You now have 84 gold pieces (gained 9).
As you open the door, it creaks loudly!
There is an open door here.
Found an escape hatch in the ceiling.
b - 2 bread rations (gained 1)
You open the door.
You are feeling hungry.
There is an open door here.
Found a stone staircase leading down.
No target in view!
You now have 98 gold pieces (gained 14).
There is a stone staircase leading down here.
You open the door.
A jelly comes into view.
The jelly quivers.
Found a meat ration.
A jelly is nearby!
A jelly is nearby!
There is an open door here.
You hit the jelly.
Your hands burn!
The jelly is lightly wounded.
The jelly hits you.
You are splashed with acid!
The acid corrodes you!
The acid burns!
Your chain mail prevents you from hitting the jelly.
The jelly is lightly wounded.
The jelly hits you but does no damage.
You hit the jelly but do no damage. The acid corrodes you!
Your hands burn!
The jelly is lightly wounded.
The jelly hits you.
You are splashed with acid!
The acid burns!
You are too injured to fight recklessly!
You are too injured to fight recklessly!
You are too injured to fight recklessly!
You are too injured to fight recklessly!
You are too injured to fight recklessly!
You are too injured to fight recklessly!
You are too injured to fight recklessly!
You are too injured to fight recklessly!
You are too injured to fight recklessly!
You are too injured to fight recklessly!
You are too injured to fight recklessly!
You are too injured to fight recklessly!
You are too injured to fight recklessly!
You punch the jelly!
Your hands burn!
The jelly is heavily wounded.
The jelly barely misses you.
You hit the jelly.
Your hands burn!
The jelly is heavily wounded.
The jelly hits you.
You are splashed with acid!
The acid burns!
You die...

#.......#.....#
#.......#.....#...#
#.......#.....#...#
#.......+.....#...+
#.......####'##...#
########......#...#
#......#...#
#......#...#
#......@J..#
#......#.%.#
########...# ...#
...# ...+ ...# ...#


You could see a jelly.

Action                   |  1- 3 |  4- 6 || total
-------------------------+-------+-------++-------
Melee: Unarmed           |    98 |    90 ||   188
       Punch             |     1 |     1 ||     2
  Eat: Chunk             |       |     4 ||     4
Armor: Robe              |     2 |       ||     2
       Chain mail        |    43 |    88 ||   131
Dodge: Dodged            |    27 |    33 ||    60

Notes
Turn   | Place    | Note
--------------------------------------------------------------
     0 | D:1      | Duffy the Demonspawn Monk began the quest for the Orb.
     0 | D:1      | Reached XP level 1. HP: 18/18 MP: 1/1
   118 | D:1      | Reached skill level 4 in Unarmed Combat
   251 | D:1      | Gained mutation: You sometimes gain a little power by taking damage. [demonic ancestry]
   251 | D:1      | Reached XP level 2. HP: 24/24 MP: 2/2
   370 | D:2      | Noticed Natasha
   377 | D:2      | Killed Natasha
   377 | D:2      | Gained mutation: You sometimes gain power by taking damage. [demonic ancestry]
   377 | D:2      | Reached XP level 3. HP: 20/29 MP: 3/3
   648 | D:2      | Noticed Natasha
   660 | D:2      | Killed Natasha
   660 | D:2      | Reached skill level 5 in Unarmed Combat
   660 | D:2      | Reached XP level 4. HP: 8/35 MP: 4/4
  1030 | D:2      | Noticed Natasha
  1195 | D:2      | Killed Natasha
  1389 | D:3      | Reached XP level 5. HP: 26/41 MP: 5/5
  1665 | D:4      | Reached skill level 6 in Unarmed Combat
  1760 | D:4      | Found a sacrificial altar of Ru.
  2204 | D:5      | Entered Level 5 of the Dungeon
  2325 | D:5      | Splashed by a jelly's acid

Skill      XL: |  1  2  3  4  5 |
---------------+----------------+-----
Unarmed Combat | 4 5 6 |  6.1
Fighting       | |  3.0
Dodging        | |  2.6
Stealth        | |  1.7

Vault maps used:
D:1:      dpeg_arrival_rooms_b
D:2:      uniq_natasha
D:3:      lemuel_crystal_altar, grunt_temple_overflow_open
D:4:      overflow_temple_1_default, minmay_temple_entry_grid, uniq_sigmund
D:5:      first_bread, serial_shops, shop

Vanquished Creatures
  A centaur skeleton
  A worker ant Natasha (thrice)
  2 adders
  An adder skeleton
  A giant gecko
  4 giant cockroaches
  2 goblins
  3 hobgoblins
  11 jackals
  A ball python
  4 bats
  3 giant newts
  3 kobolds
  3 rats
43 creatures vanquished.
